Map: Void Thrashing

Players

LilArrin

  • Race: Terran Terran
  • Spawn Location: 9:00

LilArrin

  • Race: Protoss Protoss
  • Spawn Location: 6:00

VOD

Have the link to the VOD?

Description

Time

  • Played on: Aug. 3, 2017, 2:05 a.m.
  • Length: 12:24
Show
View Real Time Build Order
Export as new Build Order

LilArrin Terran 

Build Orders:  

Get SALT Encoding   

  12  0:03  SCV  
  13  0:20  SCV  
  14  0:34  Supply Depot  
  14  0:37  SCV  
  15  0:53  SCV  
  16  1:10  SCV  
  17  1:25  Command Center  
  17  1:30  SCV  
  18  1:47  SCV  
  19  1:50  Barracks  
  19  2:04  SCV  
  20  2:24  Orbital Command  
  20  2:48  Command Center  
  20  2:59  SCV  
  21  3:06  Orbital Command  
  21  3:16  Refinery, SCV  
  22  3:24  Refinery  
  22  3:33  SCV  
  22  3:36  Barracks  
  23  3:43  SCV  
  24  3:50  SCV  
  24  3:53  Engineering Bay, Combat Shields  
  25  4:00  SCV  
  25  4:01  Barracks Tech Lab  
  26  4:10  SCV  
  26  4:18  Orbital Command  
  27  4:21  Barracks Reactor  
  27  4:22  SCV  
  27  4:27  Barracks  
  27  4:29  Supply Depot  
  28  4:30  Orbital Command  
  28  4:35  SCV  
  29  4:46  Marine  
  30  4:52  SCV  
  30  4:56  SCV  
  30  4:57  Marine  
  33  5:21  SCV  
  33  5:22  SCV  
  35  5:30  SCV  
  35  5:31  Marine  
  35  5:32  Barracks Reactor, Marine x2  
  35  5:33  Terran Infantry Weapons Level 1  
  39  5:41  Marine  
  39  5:42  Medic, Marine  
  43  6:01  Marine x2  
  43  6:04  Marine  
  43  6:06  SCV  
  47  6:11  Marine x2  
  47  6:14  Medic  
  47  6:19  SCV  
  52  6:20  SCV  
  52  6:21  Marine x2  
  52  6:24  Marine x3, Stabilizer Medpacks  
  58  6:31  Marine x2, Supply Depot  
  58  6:33  Supply Depot  
  58  6:34  Marine x2  
  58  6:35  Medic  
  64  6:41  Marine  
  64  6:42  Marine  
  64  6:45  Medic  
  64  6:47  Marine x2  
  64  6:48  SCV  
  70  6:54  Marine  
  70  6:55  Medic  
  70  6:58  Marine  
  73  7:05  Marine  
  75  7:19  Supply Depot  
  75  7:20  Supply Depot  
  75  7:21  Marine x2, Supply Depot, SCV x2  
  75  7:22  Medic, SCV  
  75  7:24  Concussive Shells  
  75  7:27  Marine x2  
  83  7:38  SCV  
  85  7:42  Marine x3  
  85  7:43  Marine  
  85  7:44  Marine  
  85  7:46  Supply Depot  
  85  7:48  Supply Depot  
  90  7:52  Marine x2  
  90  7:53  Marine x2  
  90  7:55  Marauder  
  95  8:02  Marine  
  95  8:03  Marine x2  
  95  8:09  Marine x2  
  98  8:12  Marine  
  98  8:13  Terran Infantry Armor Level 1  
  98  8:14  Marine x2  
  51  8:20  Medic, Marine  
  103  8:23  Marine  
  103  8:27  Marine x2  
  107  8:30  Medic, Marine  
  107  8:31  Supply Depot  
  107  8:33  Marine  
  107  8:35  Supply Depot  
  107  8:37  Supply Depot, Marine x2  
  112  8:40  Marine  
  112  8:41  Marauder  
  112  8:43  Marine  
  112  8:44  Supply Depot  
  112  8:47  Marine  
  112  8:48  Marine  
  115  8:51  Marine  
  115  8:53  Medic, Marine  
  115  8:58  Marine x2  
  114  9:01  Marine  
  114  9:03  Marauder, Marine  
  114  9:08  Marine x2  
  120  9:11  Marine  
  120  9:14  Marine  
  120  9:16  Medic  
  120  9:18  Marine x2  
  120  9:21  Marine  
  120  9:24  Marine  
  120  9:26  Marine  
  120  9:28  Marine x2  
  124  9:31  Marine  
  124  9:34  Marine  
  124  9:36  Marauder  
  124  9:38  Marine x2  
  129  9:42  Marine  
  129  9:44  Marine  
  129  9:48  Marine  
  129  9:49  Medic, Marine  
  133  9:52  Marine  
  133  9:54  Marine  
  133  9:55  Supply Depot  
  133  9:59  Medic, Marine x2  
  139  10:02  Marine  
  139  10:05  Marine  
  139  10:09  Marine x2  
  62  10:10  Marauder  
  138  10:12  Marine  
  138  10:17  Marine  
  138  10:19  Marine x2  
  136  10:22  Medic, Marine  
  136  10:27  Marine  
  136  10:29  Marine x2  
  133  10:32  Medic  
  133  10:33  Marine  
  133  10:37  Marine  
  133  10:39  Marine  
  135  10:40  Marine  
  135  10:42  Marine  
  135  10:43  Marine  
  135  10:47  Marine  
  125  10:50  Marine x2  
  125  10:53  Marauder, Marine  
  125  10:58  Marine  
  125  11:00  Marine x2  
  125  11:03  Marine  
  125  11:05  Marine  
  122  11:10  Marine  
  122  11:11  Marine x2  
  122  11:13  Marine  
  122  11:15  Medic  
  119  11:21  Marine x3  
  119  11:23  Marine  
  119  11:25  Medic  
  105  11:31  Marine x3  
  105  11:34  Marine  
  105  11:36  Marine  
  101  11:41  Marine x3  
  101  11:44  Marine  
  101  11:46  Marine  
  93  11:51  Marine x2  
  93  11:52  Marine  
  93  11:54  Marine  
  93  11:56  Marine  
  97  12:01  Marine  
  97  12:02  Marine x2  
  97  12:04  Marine  
  97  12:06  Marine  
Show
View Real Time Build Order
Export as new Build Order

LilArrin Protoss 

Build Orders:  

Get SALT Encoding   

Tags
 
Commander
FenixRaynor
Matchup
Co-op
Replay Pack
Co-op Speedrun
Add a new tag
Caveats
  • Supply blocks, unpowered buildings, or Contaminate may cause inaccurate times.
  • Supply counts are checked every 10 seconds.